 Dungeon Crawl Stone Soup version 0.17.1-1-g73c8601 (webtiles) character file.

2420 Implojin the Grappler (level 9, -33/85 HPs)
             Began as a Troll Monk on Apr 5, 2016.
             Was a Priest of Cheibriados.
             Engulfed by a cloud of freezing vapour (46 damage)
             ... on level 11 of the Dungeon.
             The game lasted 00:09:44 (1224 turns).

Implojin the Grappler (Troll Monk)                  Turns: 1224, Time: 00:09:44

Health: -33/85     AC:  8    Str: 29    XL:     9   Next: 24%
Magic:  8/8        EV: 11    Int: 16    God:    Cheibriados [***...]
Gold:   199        SH:  0    Dex: 23    Spells: 0 memorised, 8 levels left

rFire  . . .     SeeInvis .       - Unarmed
rCold  . . .     Clarity  .     l - +2 robe {Archmagi}
rNeg   + . .     SustAt   .     (no shield)
rPois  .         Gourm    +     (helmet restricted)
rElec  .         Spirit   .     a - +0 cloak of Inquiry {MR+}
rCorr  .         Warding  .     (gloves unavailable)
rMut   .         Stasis   .     (boots unavailable)
MR     +....                    (no amulet)
Stlth  ++........               x - ring of positive energy
                                p - +2 ring of intelligence

@: very slow, somewhat resistant to hostile enchantments, unstealthy
A: unfitting armour, claws 3, fast metabolism 3, gourmand, regeneration 2,
shaggy fur 1, tough skin 2
a: Bend Time, Temporal Distortion, Renounce Religion


You were on level 11 of the Dungeon.
You worshipped Cheibriados.
Cheibriados was most pleased with you.
You were very full.

You visited 1 branch of the dungeon, and saw 11 of its levels.

You collected 199 gold pieces.

Inventory:

Hand Weapons
 t - a +0 blowgun
Missiles
 y - 8 curare-tipped needles
Armour
 a - the +0 cloak of Inquiry (worn) {MR+}
   (You found it on level 5 of the Dungeon)

   It affects your resistance to hostile enchantments.
 f - a +0 shield
 i - a +0 cloak
 l - a +2 robe of the Archmagi (worn)
Jewellery
 c - an uncursed amulet of stasis
 p - a +2 ring of intelligence (left claw)
 x - a ring of positive energy (right claw)
 C - an uncursed ring of sustain attributes {unknown}
Scrolls
 d - 3 scrolls of teleportation {unknown}
 e - a scroll of remove curse {unknown}
 h - 3 scrolls of random uselessness {unknown}
 o - 2 scrolls of magic mapping {unknown}
 z - 2 scrolls of silence {unknown}
 A - a scroll of recharging {unknown}
 B - a scroll of holy word {unknown}
 D - a scroll of identify
Potions
 g - 2 potions of curing
 j - a potion of degeneration
 k - a potion of agility
 q - 2 potions of flight
 r - 2 potions of resistance
 u - a potion of lignification
 v - a potion of ambrosia {unknown}
Books
 m - a Grand Grimoire

   Spells                             Type                      Level
   a - Monstrous Menagerie            Summoning                    6
   b - Summon Greater Demon           Summoning                    7
   c - Malign Gateway                 Summoning/Translocation      7
   d - Summon Horrible Things         Summoning                    8
 n - a book of Envenomations

   Spells                             Type                      Level
   a - Spider Form                    Transmutation/Poison         3
   b - Alistair's Intoxication        Transmutation/Poison         4
   c - Olgreb's Toxic Radiance        Poison                       4
   d - Poisonous Cloud                Conjuration/Poison/Air       6
Comestibles
 b - 4 bread rations
 s - a slice of pizza
 w - 8 chunks of flesh
 E - a royal jelly


   Skills:
 * Level 4.5 Fighting
 - Level 2.4 Dodging
 - Level 1.1 Stealth
 - Level 12.0 Unarmed Combat


You had 8 spell levels left.
You didn't know any spells.

Dungeon Overview and Level Annotations

Branches:
Dungeon (11/15)              Lair (0/8) D:9             Orc (0/4) D:11
 Temple: D:4-7

Altars:
Cheibriados
Gozag

Shops:
D:11 [=

Portals:
Bazaar: D:11

Annotations:
D:10 exclusion: upstairs


Innate Abilities, Weirdness & Mutations

You are too large for most types of armour.
You have claws for hands.
Your metabolism is lightning-fast.
You like to eat raw meat.
You heal very quickly.
You are covered in fur (AC +1).
You have very tough skin (AC +2).


Message History

You completely miss the orc. You mangle the orc!!
You kill the orc!
Cheibriados appreciates the change of pace.
Things that are here:
a short sword; a leather armour; an orc corpse
Items here: )) [ †† a war axe; a plate armour; a falchion; an orc corpse; an orc corpse You see here a leather armour.
A jelly comes into view.
Found a flickering gateway to a bazaar.
Read which item? (? for menu, Esc to quit)
Okay, then.
Read which item? (? for menu, Esc to quit)
Okay, then.
Quiver which item? (- for none, * to show all) (? for menu, Esc to quit)
Okay, then.
Really walk into a travel-excluded area?
The orc hits you but does no damage.
You barely miss the orc. The orc misses you. The orc hits you with a club.
You scratch the orc. Your claw misses the orc.
The orc is severely wounded.
The orc hits you but does no damage. The orc misses you.
You claw the orc!
You kill the orc!
Cheibriados thoroughly appreciates the change of pace.
You claw the orc!
You kill the orc!
Cheibriados appreciates the change of pace.
Cheibriados raises the support of your attributes as your movement slows.
You enter the shallow water.
Moving in this stuff is going to be slow.
You are engulfed in freezing vapours.
* * * LOW HITPOINT WARNING * * *
Really walk into that cloud of freezing vapour?
You are engulfed in freezing vapours.
* * * LOW HITPOINT WARNING * * *
You are engulfed in freezing vapours.
Ouch! That really hurt!
You die...

..................)).#..#
............8...........#
.......................##
......###........))...##
......###.......§§§....#
#.####...#.§.§§###.##
###.##.#..§.§#§§## #.
##.#.§§§§§# #.#.§@§§§# #
#.#§§§## ####§## ###


There were no monsters in sight!

Vanquished Creatures
  A fire drake (D:9)
  2 trolls (D:10)
  A deep elf mage (D:9)
  A water moccasin (D:10)
  An orc warrior (D:11)
  2 centaurs
  A black bear (D:10)
  3 ogres (D:10)
  A necrophage (D:6)
  A big kobold (D:9)
  A giant frog (D:9)
  A wyvern skeleton (D:7)
  2 water moccasin skeletons
  A scorpion (D:11)
  A hound (D:11)
  An orc wizard (D:10)
  A lava snake (D:8)
  A crimson imp (D:6)
  2 giant frog zombies
  3 orc priests (D:10)
  A giant frog skeleton (D:10)
  Jessica (D:3)
  A mummy (D:7)
  2 worker ant zombies
  4 gnolls
  3 adders
  3 shadow imps
  2 giant geckos
  11 orcs
  A bat (D:1)
  A giant cockroach (D:3)
  2 hobgoblins
  7 kobolds
  2 quokkas
  2 giant newts (D:2)
  A goblin (D:1)
  A rat (D:2)
73 creatures vanquished.

Notes
Turn   | Place    | Note
--------------------------------------------------------------
     0 | D:1      | Implojin the Troll Monk began the quest for the Orb.
     0 | D:1      | Reached XP level 1. HP: 22/22 MP: 0/0
   117 | D:2      | Reached XP level 2. HP: 29/29 MP: 1/1
   221 | D:3      | Noticed Jessica
   228 | D:3      | Killed Jessica
   228 | D:3      | Reached skill level 5 in Unarmed Combat
   228 | D:3      | Reached XP level 3. HP: 34/36 MP: 2/2
   329 | D:4      | Reached XP level 4. HP: 34/44 MP: 3/3
   347 | D:5      | Entered Level 5 of the Dungeon
   404 | D:5      | Got a heavily runed cloak
   416 | D:5      | Reached skill level 6 in Unarmed Combat
   431 | D:5      | Identified the +0 cloak of Inquiry {MR+} (You found it on level 5 of the Dungeon)
   464 | D:6      | Noticed a necrophage
   471 | D:6      | Killed a necrophage
   471 | D:6      | Reached XP level 5. HP: 45/50 MP: 4/4
   496 | D:6      | Reached skill level 7 in Unarmed Combat
   525 | D:7      | Reached XP level 6. HP: 55/59 MP: 5/5
   572 | D:7      | Found a snail-covered altar of Cheibriados.
   582 | D:7      | Became a worshipper of Cheibriados the Contemplative
   582 | D:7      | Reached * piety under Cheibriados
   582 | D:7      | Reached ** piety under Cheibriados
   639 | D:8      | Reached skill level 8 in Unarmed Combat
   732 | D:9      | Reached XP level 7. HP: 15/66 MP: 6/6
   775 | D:9      | Noticed a deep elf mage
   789 | D:9      | Killed a deep elf mage
   789 | D:9      | Reached skill level 9 in Unarmed Combat
   848 | D:10     | Entered Level 10 of the Dungeon
   918 | D:10     | Noticed a troll
   926 | D:10     | Killed a troll
   926 | D:10     | Reached skill level 10 in Unarmed Combat
   926 | D:10     | Reached XP level 8. HP: 57/74 MP: 7/7
   987 | D:10     | Noticed a troll
   997 | D:10     | Killed a troll
   997 | D:10     | Reached skill level 11 in Unarmed Combat
  1038 | D:9      | Found a staircase to the Lair.
  1038 | D:9      | Noticed a fire drake
  1046 | D:9      | Killed a fire drake
  1068 | D:10     | Reached *** piety under Cheibriados
  1068 | D:10     | Reached skill level 12 in Unarmed Combat
  1075 | D:10     | Reached XP level 9. HP: 50/80 MP: 8/8
  1077 | D:10     | Reached skill level 3 in Fighting
  1084 | D:9      | Noticed a yak
  1084 | D:9      | Noticed a hippogriff
  1084 | D:9      | Noticed a yak
  1084 | D:9      | Noticed a yak
  1086 | D:9      | Noticed a yak
  1117 | D:11     | Found Lamuazac's Antique Armour Shop.
  1117 | D:11     | Noticed a five-headed hydra
  1123 | D:11     | Found Waqaf's Jewellery Boutique.
  1142 | D:11     | Found an opulent altar of Gozag.
  1161 | D:11     | Reached skill level 4 in Fighting
  1192 | D:11     | Found a staircase to the Orcish Mines.
  1213 | D:11     | Found a flickering gateway to a bazaar.
  1224 | D:11     | Engulfed by a cloud of freezing vapour

Action                   |  1- 3 |  4- 6 |  7- 9 || total
-------------------------+-------+-------+-------++-------
Melee: Unarmed           |    46 |    65 |   102 ||   213
  Use: Scroll            |       |       |     6 ||     6
 Stab: Sleeping          |       |       |     1 ||     1
  Eat: Chunk             |     7 |     2 |     5 ||    14

Table legend:
 A = Turns spent in this place as a percentage of turns spent in the entire game.
 B = Non-inter-level travel turns spent in this place as a percentage of non-inter-level travel turns spent in the entire game.
 C = Inter-level travel turns spent in this place as a percentage of turns spent in this place.
 D = Turns resting spent in this place as a percentage of non-inter-level travel turns spent in this place.
 E = Turns spent auto-exploring this place as a percentage of non-inter-level travel turns spent in this place.
 F = Non-inter-level travel turns spent in this place divided by the number of levels of this place that you've seen.
                   A       B       C       D       E      F
               +-------+-------+-------+-------+-------+----------------------
         Total | 100.0 | 100.0 |   0.0 |   0.3 |   0.0 | 105.0
       Dungeon | 100.0 | 100.0 |   0.0 |   0.3 |   0.0 | 105.0
               +-------+-------+-------+-------+-------+----------------------

Table legend:
 A = Kills in this place as a percentage of kills in entire the game.
 B = Kills by you in this place as a percentage of kills by you in the entire game.
 C = Kills by friends in this place as a percentage of kills by friends in the entire game.
 D = Other kills in this place as a percentage of other kills in the entire game.
 E = Experience gained in this place as a percentage of experience gained in the entire game.
 F = Experience gained in this place divided by the number of levels of this place that you have seen.
                   A       B       C       D       E      F
               +-------+-------+-------+-------+-------+----------------------
         Total | 100.0 | 100.0 |  -nan |  -nan | 100.0 | 314.4
       Dungeon | 100.0 | 100.0 |  -nan |  -nan | 100.0 | 314.4
               +-------+-------+-------+-------+-------+----------------------
